 Dungeon Crawl Stone Soup version 0.19.1 (webtiles) character file.

168 empire the Firebug (level 5, -10/42 HPs)
             Began as a Gargoyle Fire Elementalist on Dec 7, 2016.
             Killed by divine providence
             ... invoked by an orc priest
              (12 damage)
             ... on level 4 of the Dungeon.
             The game lasted 00:09:40 (2183 turns).

empire the Firebug (Gargoyle Fire Elementalist)     Turns: 2183, Time: 00:09:41

Health: -10/42     AC: 22    Str: 10 (12) XL:     5   Next: 48%
Magic:  3/9        EV:  2    Int: 20 (21) God:
Gold:   58         SH:  0    Dex:  9 (10) Spells: 1 memorised, 9 levels left

rFire  . . .     SeeInvis .     b - +0 dagger
rCold  . . .     Gourm    .     (armour currently unavailable)
rNeg   + + +     Faith    .     (no shield)
rPois  ∞         Spirit   .     (helmet currently unavailable)
rElec  .         Reflect  .     (cloak currently unavailable)
rCorr  .         Harm     .     (gloves currently unavailable)
MR     .....     NoTele   +     (boots currently unavailable)
Stlth  ++........               (no amulet)
                                (no ring)
                                (no ring)

@: brilliant, tree-form, very slightly contaminated, hasted, invisible, very
quick
A: negative energy resistance 1, (electricity resistance), (unbreathing),
petrification resistance, rot immunity, AC +4
a: no special abilities


You were on level 4 of the Dungeon.
You were hungry.
You were a tree.
You visited 1 branch of the dungeon, and saw 5 of its levels.

You collected 58 gold pieces.

Inventory:

Hand Weapons
 a - a +0 hand axe
 b - a +0 dagger (weapon)
 e - a +4 short sword
Missiles
 j - 18 poisoned needles
 m - 4 needles of sleeping
 p - 47 arrows
 s - 9 bolts
Armour
 d - a +0 robe
 o - a +0 ring mail
 y - a +1 leather armour (melded)
 B - a +2 cloak
Jewellery
 g - a cursed -3 ring of protection
 t - an uncursed ring of fire
Wands
 x - a wand of iceblast (9/15)
Scrolls
 h - 2 scrolls of noise
 k - 2 scrolls of remove curse
 w - a scroll of immolation {unknown}
 E - a scroll of fear {unknown}
Potions
 l - 3 potions of cure mutation
 n - a potion of brilliance
 r - a potion of degeneration
Books
 f - a book of Flames

   Spells                             Type                      Level
   a - Flame Tongue                   Conjuration/Fire             1
   b - Throw Flame                    Conjuration/Fire             2
   c - Conjure Flame                  Conjuration/Fire             3
   d - Inner Flame                    Hexes/Fire                   3
   e - Sticky Flame                   Conjuration/Fire             4
   f - Fireball                       Conjuration/Fire             5
 D - a book of Flames

   Spells                             Type                      Level
   a - Flame Tongue                   Conjuration/Fire             1
   b - Throw Flame                    Conjuration/Fire             2
   c - Conjure Flame                  Conjuration/Fire             3
   d - Inner Flame                    Hexes/Fire                   3
   e - Sticky Flame                   Conjuration/Fire             4
   f - Fireball                       Conjuration/Fire             5
Comestibles
 c - 3 bread rations
 i - 2 meat rations
 q - a beef jerky
 A - 4 chunks of flesh


   Skills:
 * Level 2.1 Armour
 - Level 2.1 Dodging
 - Level 2.1 Stealth
 + Level 3.0 Spellcasting
 + Level 2.5 Conjurations
 + Level 3.7 Fire Magic
 - Level 0.1 Evocations


You had 9 spell levels left.
You knew the following spells:

 Your Spells              Type           Power        Failure   Level  Hunger
a - Flame Tongue          Conj/Fire      ####.        1%          1    None


Dungeon Overview and Level Annotations

Branches:
Dungeon (5/15)
 Temple: D:4-7

Altars:
Fedhas
Gozag
Xom

Shops:
D:5 :

Annotations:
D:3 Jessica
D:5 kraedy's ghost, novice DsFi


Innate Abilities, Weirdness & Mutations

You are resistant to torment.
((Your stone body is resilient. (AC +4)))
You are immune to poison.
You resist negative energy. (rN+)
((You are resistant to electric shocks. (rElec)))
((You can survive without breathing.))
You are immune to petrification.
You are immune to rotting.


Message History

Casting: Flame Tongue
Confirm with . or Enter, or press ? or * to list all spells.
Aiming: Flame Tongue
Press: ? - help, Shift-Dir - straight line, f/p - orc priest
Aim: an orc priest, wearing a ring mail The flame tongue hits the orc priest.
The orc priest is heavily wounded.
The orc priest hits you but does no damage.
The orc hits you but does no damage.
The orc hits something but does no damage.
Casting: Flame Tongue
Confirm with . or Enter, or press ? or * to list all spells.
Aiming: Flame Tongue
Press: ? - help, Shift-Dir - straight line, f/p - orc priest
Aim: an orc priest, wearing a ring mail (heavily wounded)
The flame tongue hits the orc priest.
The orc priest is severely wounded.
The orc priest mumbles some strange prayers to Beogh against you.
Beogh smites you!
You die...

### ..# #.#
#.# #)# #o#
#♣# #o# #o#
{#. # #
###########
#.8.8.8.8.#
#8.......8#


You could see an orc priest and 2 orcs.

Vanquished Creatures
  A bullfrog (D:3)
  A hound (D:5)
  Ijyb (D:2)
  An ooze (D:3)
  A leopard gecko (D:1)
  3 orcs
  3 goblins
  2 hobgoblins
  5 jackals
  A quokka (D:3)
  A ball python (D:1)
  8 bats
  2 frilled lizards
  5 kobolds
  6 rats
41 creatures vanquished.

Notes
Turn   | Place    | Note
-------+----------+-------------------------------------------
     0 | D:1      | empire the Gargoyle Fire Elementalist began the quest for the Orb.
     0 | D:1      | Reached XP level 1. HP: 10/10 MP: 3/3
   494 | D:1      | Reached XP level 2. HP: 15/15 MP: 5/5
  1246 | D:2      | Noticed Ijyb
  1271 | D:2      | Killed Ijyb
  1271 | D:2      | Reached XP level 3. HP: 6/19 MP: 0/7
  1743 | D:3      | Found an opulent altar of Gozag.
  1750 | D:3      | Found a blossoming altar of Fedhas.
  1770 | D:3      | Reached XP level 4. HP: 15/24 MP: 0/8
  1918 | D:3      | Noticed a bullfrog
  1944 | D:3      | Killed a bullfrog
  1944 | D:3      | Reached skill level 1 in Armour
  1944 | D:3      | Reached XP level 5. HP: 22/28 MP: 2/9
  2009 | D:3      | Noticed Jessica
  2020 | D:4      | Found a radiant altar of Vehumet.
  2020 | D:4      | Found an ancient bone altar of Kikubaaqudgha.
  2020 | D:4      | Found a sacrificial altar of Ru.
  2020 | D:4      | Found a shimmering altar of Xom.
  2020 | D:4      | Found a shattered altar of Ashenzari.
  2020 | D:4      | Found a sacrificial altar of Ru.
  2125 | D:5      | Entered Level 5 of the Dungeon
  2133 | D:5      | Noticed kraedy's ghost (novice DsFi)
  2133 | D:5      | Found Ceyzeud's Book Emporium.
  2166 | D:4      | HP: 1/28 [orc priest/divine providence (9)]
  2173 | D:4      | HP: 1/28 [orc priest/nerve-wracking pain (1)]
  2183 | D:4      | Killed from afar by an orc priest

Skill      XL: |  1  2  3  4  5 |
---------------+----------------+-----
Dodging        | 2 |  2.1
Conjurations   | 2 |  2.5
Armour         | 1 2 |  2.1
Spellcasting   | 3 |  3.0
Stealth        | |  2.1
Fire Magic     | |  3.7
Evocations     | |  0.1

Action                   |  1- 3 |  4- 6 || total
-------------------------+-------+-------++-------
Melee: Dagger            |    63 |    55 ||   118
       Hand axe          |     5 |       ||     5
 Cast: Flame Tongue      |    28 |    22 ||    50
  Use: Scroll            |       |     6 ||     6
       Potion            |       |     5 ||     5
 Stab: Sleeping          |     4 |       ||     4
  Eat: Chunk             |     2 |     2 ||     4
Armor: Robe              |    37 |       ||    37
       Leather armour    |       |    50 ||    50
       Skin              |       |    10 ||    10
Dodge: Dodged            |    56 |    91 ||   147
